 Dungeon Crawl Stone Soup version 0.21-a0-584-g185da8e (webtiles) character file.

111 Lanoc the Shield-Bearer (level 4, -7/44 HPs)
             Began as a Troll Fighter on Dec 20, 2017.
             Mangled by a gnoll
             ... wielding a +0 spear
              (9 damage)
             ... on level 3 of the Dungeon.
             The game lasted 00:03:44 (1571 turns).

Lanoc the Shield-Bearer (Troll Fighter)             Turns: 1571, Time: 00:03:44

Health: -7/44      AC:  6    Str: 24    XL:     4   Next: 62%
Magic:  3/3        EV:  8    Int:  4    God:
Gold:   160        SH:  9    Dex: 10    Spells: 3/3 levels left

rFire    . . .     SeeInvis .     - Unarmed
rCold    . . .     Gourm    +   b - +0 shield
rNeg     . . .     Faith    .   a - +0 robe
rPois    .         Spirit   .   (helmet restricted)
rElec    .         Reflect  .   e - +0 cloak
rCorr    .         Harm     .   (gloves unavailable)
MR       .....                  (boots unavailable)
Stlth    +.........             (no amulet)
HPRegen  0.54/turn              (no ring)
MPRegen  0.08/turn              (no ring)

@: no status effects
A: large, unfitting armour, claws 3, fast metabolism 3, gourmand, regeneration
1, shaggy fur 1, tough skin 2
a: no special abilities


You were on level 3 of the Dungeon.
You were very full.

You visited 1 branch of the dungeon, and saw 3 of its levels.

You collected 160 gold pieces.

Inventory:

Armour
 a - a +0 robe (worn)
 b - a +0 shield (worn)
 e - a +0 cloak (worn)
Scrolls
 i - 2 scrolls of remove curse {unknown}
 o - a scroll of enchant weapon {unknown}
 p - a scroll of teleportation {unknown}
 r - a scroll of identify {unknown}
Potions
 c - a potion of might
 f - a potion of haste {unknown}
 g - a potion of brilliance {unknown}
 h - a potion of magic {unknown}
 j - a potion of mutation {unknown}
 k - 3 potions of flight {unknown}
 l - a potion of agility {unknown}
 n - a potion of curing {unknown}
 q - a potion of invisibility {unknown}
Comestibles
 d - 8 rations


   Skills:
 + Level 2.9 Fighting
 + Level 1.4 Throwing
 + Level 2.9 Dodging
 + Level 3.0 Shields
 + Level 2.8 Unarmed Combat


You had 3 spell levels left.
You didn't know any spells.

Dungeon Overview and Level Annotations

Branches:
Dungeon (3/15)

Altars:


Innate Abilities, Weirdness & Mutations

You are too large for most types of armour.
You have claws for hands.
Your metabolism is lightning-fast.
You like to eat raw meat.
Your natural rate of healing is unusually fast.
You are covered in fur. (AC +1)
You have very tough skin. (AC +2)


Message History

The gnoll hits you with a halberd of protection!
* * * LOW HITPOINT WARNING * * *
The leopard gecko barely misses you.
You scratch the gnoll.
You kill the gnoll!
Your Shields skill increases to level 3!
You block the gnoll's attack. You block the leopard gecko's attack.
You claw the gnoll!
The gnoll is heavily wounded.
You block the leopard gecko's attack. The gnoll barely misses you.
You completely miss the gnoll.
The gnoll is heavily wounded.
The leopard gecko closely misses you. The gnoll hits you with a spear.
* * * LOW HITPOINT WARNING * * *
The leopard gecko bites you but does no damage.
You block the gnoll's attack.
You barely miss the gnoll.
The gnoll is heavily wounded.
The leopard gecko closely misses you. The gnoll hits you with a spear!
You die...

#.##.# ##.##.#
#...#.# #.....#
#...###
#######.#####
..$.........#[.
#######†l......
#@g.....[
#).......
#.#......
#.##..[.. #.#
#.... ... #...
... ... ... ##


You could see a gnoll and a leopard gecko.

Vanquished Creatures
  4 adders
  2 gnolls (D:3)
  A worm (D:2)
  2 dart slugs
  A leopard gecko (D:1)
  5 giant cockroaches
  5 goblins
  4 hobgoblins
  9 jackals
  A quokka (D:2)
  4 bats
  A frilled lizard (D:2)
  5 kobolds
  A rat (D:2)
45 creatures vanquished.

Notes
Turn   | Place    | Note
-------+----------+-------------------------------------------
     0 | D:1      | Lanoc the Troll Fighter began the quest for the Orb.
     0 | D:1      | Reached XP level 1. HP: 22/22 MP: 0/0
   181 | D:1      | Reached XP level 2. HP: 28/29 MP: 1/1
   648 | D:1      | Reached XP level 3. HP: 36/36 MP: 2/2
   849 | D:2      | Reached skill level 1 in Throwing
  1079 | D:2      | Reached XP level 4. HP: 44/44 MP: 3/3
  1568 | D:3      | Reached skill level 3 in Shields
  1570 | D:3      | HP: 1/44 [gnoll/spear (5)]
  1571 | D:3      | Mangled by a gnoll

Vault maps used:
D:1:      minmay_arrival_loop
D:2:      first_ration
D:3:      kennysheep_pointless_box

Skill      XL: |  1  2  3  4 |
---------------+-------------+-----
Throwing       | 1 |  1.4
Shields        | 3 |  3.0
Fighting       | |  2.9
Dodging        | |  2.9
Unarmed Combat | |  2.8

Action                   |  1- 3 |  4- 6 || total
-------------------------+-------+-------++-------
Melee: Unarmed           |   125 |    29 ||   154
  Eat: Chunk             |    15 |     4 ||    19
Armor: Robe              |    70 |    16 ||    86
Dodge: Dodged            |    42 |    18 ||    60
Block: Shield            |    69 |    21 ||    90

Table legend:
 A = Spawn XP
 B = Non-spawn XP
 C = Spawn XP percentage of total XP
 D = Spawn monster count
 E = Non-spawn monster count
 F = Spawn count percentage of total count
 G = Total turns spent on level
                    A         B        C        D         E        F      G
               +---------+---------+-------+---------+---------+-------+---------
         Total |       0 |     159 |   0.0 |       0 |      45 |   0.0 |  1571
               +---------+---------+-------+---------+---------+-------+---------
           D:1 |       0 |      42 |   0.0 |       0 |      21 |   0.0 |   808
           D:2 |       0 |      76 |   0.0 |       0 |      21 |   0.0 |   687
           D:3 |       0 |      41 |   0.0 |       0 |       3 |   0.0 |    76
               +---------+---------+-------+---------+---------+-------+---------
